 Dungeon Crawl Stone Soup version 0.27.1-35-g4d5d836560 (webtiles) character file.

Game seed: 16295477375396165396

1276 Delamore the Covert (level 8, -7/50 HPs)
             Began as an Octopode Brigand on Apr 22, 2022.
             Was an Initiate of Gozag.
             Mangled by Pikel (18 damage)
             ... on level 5 of the Dungeon.
             The game lasted 00:05:59 (6638 turns).

Delamore the Covert (Octopode Brigand)              Turns: 6638, Time: 00:06:00

Health: -7/50      AC:  1    Str: 10    XL:     8   Next: 54%
Magic:  8/8        EV: 13    Int: 13    God:    Gozag
Gold:   381        SH:  0    Dex: 16    Spells: 7/7 levels left

rFire    . . .     SeeInvis .   l - +2 short sword (speed)
rCold    . . .     Faith    .   (no shield)
rNeg     + . .     Spirit   .   (helmet restricted)
rPois    .         Reflect  .   (no amulet)
rElec    .         Harm     .   n - ring of positive energy
rCorr    .         Rampage  .   (no ring)
Will     .....                  (no ring)
Stlth    +++++.....             (no ring)
HPRegen  0.16/turn              (no ring)
MPRegen  0.11/turn              (no ring)
                                (no ring)
                                (no ring)

@: no status effects
A: almost no armour, amphibious, 8 rings, camouflage 1, gelatinous body 1,
(nimble swimmer 1), tentacles
a: Renounce Religion, Potion Petition, Call Merchant, Bribe Branch


You were on level 5 of the Dungeon.
You worshipped Gozag.
Gozag was aware of your devotion.
You visited 2 branches of the dungeon, and saw 6 of its levels.
You also visited: Sewer.

You collected 436 gold pieces.
You paid 55 gold pieces to Gozag.

Inventory:

Hand Weapons
 a - a +2 dagger
 l - a +2 short sword of speed (weapon)
 o - a +0 dagger of freezing
Missiles
 b - 41 poisoned darts (quivered)
Jewellery
 n - a ring of positive energy (left tentacle)
Wands
 d - a wand of acid (5)
Scrolls
 e - a scroll of holy word
 h - a scroll of fear
 j - a scroll of silence
 k - 5 scrolls of teleportation {unknown}
 m - 2 scrolls of enchant armour {unknown}
Potions
 f - a potion of invisibility {unknown}
 g - a potion of heal wounds
 i - a potion of brilliance {unknown}
 p - a potion of degeneration {unknown}


   Skills:
 - Level 2.0 Fighting
 * Level 8.5 Short Blades
 - Level 2.0 Throwing
 - Level 1.0 Dodging
 + Level 9.8 Stealth


You had 7 spell levels left.
You didn't know any spells.
Your spell library was empty.

Dungeon Overview and Level Annotations

Branches:
Dungeon (5/15)             Temple (1/1) D:4           Sewer (visited)

Altars:
Dithmenos
Elyvilon
Fedhas
Gozag
Kikubaaqudgha
Makhleb
Nemelex Xobeh
Okawaru
Trog
Uskayaw
Wu Jian
Xom

Annotations:
D:5 Pikel


Innate Abilities, Weirdness & Mutations

You cannot wear most types of armour.
You are amphibious.
You can wear up to eight rings at the same time.
Your skin changes colour to match your surroundings (Stealth+).
Your rubbery body absorbs attacks. (AC +1, EV +1)
((You are camouflaged near water. (Stealth+)))
You have tentacles for arms and can constrict up to eight enemies at once.


Message History

You start waiting.
Done waiting.
Pikel is nearby!
You throw a curare-tipped dart. The curare-tipped dart misses Pikel.
Pikel barely misses you.
The lemure shouts! x2
You hit Pikel but do no damage. Your grab misses Pikel.
You hear a shout!
Pikel hits you with a +2 whip of electrocution!
You are electrocuted!!
You are too injured to fight recklessly!
You are too injured to fight recklessly!
Pikel says, "You'll feel the lick of my whip!"
There is a stone staircase leading down here.
Pikel says, "Hell isn't that bad."
Things that are here:
17 gold pieces; a +0 whip; a +0 leather armour
Things that are here:
6 gold pieces; a +0 dagger You see here a wand of digging (3).
There is a stone staircase leading up here.
Pikel hits you with a +2 whip of electrocution.
You hit Pikel. You grab Pikel.
Pikel is lightly wounded.
You constrict Pikel. You hit Pikel but do no damage.
Pikel is lightly wounded.
You constrict Pikel.
Pikel hits you with a +2 whip of electrocution!
You hit Pikel but do no damage.
Pikel is lightly wounded.
You constrict Pikel, but do no damage. You hit Pikel. You squeeze Pikel.
Pikel is moderately wounded.
You constrict Pikel.
Pikel hits you with a +2 whip of electrocution!
* * * LOW HITPOINT WARNING * * *
You are electrocuted!!
You die...
Your body crumbles into a pile of gold.

.......##.............<.....#
........#...............<...#
...!..........#.............#
.........##................##
.$5.....###........#.....###
../.5...###.#5....###...## #
........##..##...## ##$$### ####
......<.#.5###5K## ##.$$..####...
........5.###..#@###.............
............5.....##.............
.........#####.$####...###.......
>...>.#.## ###...#..## ###.$..#
..#..###.# #####..# ##...#
.....###.# #..# #...##
.....##..###### #..# ##..##
###....##.....# ..## #...#
#...###.#.### ..# #...#


You could see Pikel and 3 lemures.

Vanquished Creatures
  Sigmund (D:3)
  A water moccasin (D:5)
  Edmund (D:5)
  Purgy (Sewer)
  An ice beast (D:5)
  A necrophage (D:5)
  A centaur (D:5)
  A lemure (D:5)
  A scorpion (D:5)
  A centaur zombie (D:5)
  A hound (D:5)
  2 jellies
  4 orc priests
  2 orc wizards (D:5)
  A hound skeleton (D:4)
  2 river rats (D:4)
  3 adders (D:2)
  An adder skeleton (D:4)
  3 worms
  2 dart slugs (D:2)
  24 orcs
  5 ball pythons
  5 endoplasms
  7 giant cockroaches
  12 goblins
  10 hobgoblins
  5 jackals
  9 kobolds
  3 quokkas
  4 bats
  4 frilled lizards
  7 rats
126 creatures vanquished.

Notes
Turn   | Place    | Note
-------+----------+-------------------------------------------
     0 | D:1      | Delamore the Octopode Brigand began the quest for the Orb.
     0 | D:1      | Reached XP level 1. HP: 14/14 MP: 1/1
   443 | D:1      | Reached XP level 2. HP: 19/19 MP: 2/2
  1200 | D:2      | Reached XP level 3. HP: 24/24 MP: 3/3
  1554 | D:2      | Reached skill level 6 in Stealth
  2215 | D:2      | Reached XP level 4. HP: 29/29 MP: 4/4
  2302 | D:2      | Found a blossoming altar of Fedhas.
  2864 | D:3      | Found a faded altar of an unknown god.
  2948 | D:3      | Found an ancient bone altar of Kikubaaqudgha.
  3071 | D:3      | Noticed Sigmund
  3081 | D:3      | Killed Sigmund
  3082 | D:3      | Reached skill level 5 in Short Blades
  3082 | D:3      | Reached skill level 7 in Stealth
  3082 | D:3      | Reached XP level 5. HP: 12/34 MP: 5/5
  3082 | D:3      | Reached XP level 6. HP: 14/39 MP: 6/6
  3794 | D:4      | Found a staircase to the Ecumenical Temple.
  3803 | Temple   | Entered the Ecumenical Temple
  3816 | Temple   | Became a worshipper of Gozag Ym Sagoz the Greedy
  3878 | D:4      | HP: 1/39 [orc priest/divine providence (14)]
  4106 | D:4      | Found a burning altar of Makhleb.
  4252 | D:4      | Found a glowing drain.
  4262 | Sewer    | Entered a sewer
  4455 | Sewer    | Noticed Purgy
  4462 | Sewer    | Killed Purgy
  4463 | Sewer    | Reached XP level 7. HP: 45/45 MP: 7/7
  4624 | D:4      | Reached skill level 8 in Stealth
  4929 | D:4      | Identified the +3 hunting sling of the Hungering Madman
                  | {vorpal, *Slow rC+ rN+ Str+2}
  5136 | D:5      | Entered Level 5 of the Dungeon
  5359 | D:5      | Noticed Edmund
  5365 | D:5      | Killed Edmund
  5678 | D:5      | Reached XP level 8. HP: 42/50 MP: 8/8
  5805 | D:5      | Reached skill level 9 in Stealth
  6085 | D:5      | Found a bloodstained altar of Trog.
  6449 | D:5      | Noticed Pikel
  6638 | D:5      | Mangled by Pikel

Illustrated notes

Levels and vault maps discovered:
D:1:      dpeg_arrival_water_fire, layout_loops_corners, dk_noncrumbling_3,
          minivault_24, feat_on_display
D:2:      layout_basic, basic_altar, kennysheep_generic_room_14
D:3:      layout_loops_ring, lemuel_crystal_altar,
          shapermc_ecumenical_altar_venn, minmay_strange_pillars,
          minmay_goblin_outpost, uniq_sigmund
D:4:      layout_basic, overflow_temple_1_default, minmay_temple_entry_ruins,
          gup_sewer_entry_bubbles, minmay_splitting_lines
D:5:      layout_layer_cave, worldfamousw_hep_ancestral_shrine,
          lemuel_doored_altar, uniq_edmund, uniq_pikel, uniq_ijyb
Temple:   eino_temple_lava

Skill      XL: |  1  2  3  4  5  6  7  8 |
---------------+-------------------------+-----
Short Blades   | 3 5 6 7 8 |  8.5
Stealth        | 6 7 8 9 |  9.8
Fighting       | |  2.0
Throwing       | |  2.0
Dodging        | |  1.0

Action                   |  1- 3 |  4- 6 |  7- 9 || total
-------------------------+-------+-------+-------++-------
Melee: Dagger            |    67 |    30 |       ||    97
       Constrict         |    13 |    23 |    17 ||    53
       Tentacles         |     7 |    28 |    21 ||    56
       Short sword       |       |    86 |    98 ||   184
Throw: Dart              |     3 |     2 |     2 ||     7
  Use: Scroll            |       |     3 |       ||     3
       Potion            |       |     1 |     1 ||     2
 Stab: Sleeping          |    13 |    17 |     8 ||    38
Armor: Skin              |     4 |     3 |     1 ||     8
Dodge: Dodged            |    26 |    30 |    44 ||   100
